 Dungeon Crawl Stone Soup version 0.28.0-47-ge53b351184 (webtiles) character file.

Game seed: 12307323614511010614

23 Exodus22XD the Chopper (level 3, 0/33 HPs)
             Began as a Hill Orc Monk on May 6, 2022.
             Killed from afar by Sigmund (7 damage)
             ... with a magic dart
             ... on level 2 of the Dungeon.
             The game lasted 00:01:09 (954 turns).

Exodus22XD the Chopper (Hill Orc Monk)               Turns: 954, Time: 00:01:10

Health: 0/33       AC:  6    Str: 15    XL:     3   Next: 0%
Magic:  3/3        EV: 10    Int: 10    God:
Gold:   39         SH:  0    Dex: 13    Spells: 2/2 levels left

rFire   . . .      SeeInvis .   a - +0 hand axe
rCold   . . .      Faith    .   (no shield)
rNeg    . . .      Spirit   .   d - +0 scale mail
rPois   .          Reflect  .   (no helmet)
rElec   .          Harm     .   (no cloak)
rCorr   .          Rampage  .   (no gloves)
Will    .....                   (no boots)
Stlth   ..........              (no amulet)
HPRegen 0.11/turn               (no ring)
MPRegen 0.08/turn               (no ring)

@: no status effects
A: no striking features
a: no special abilities


You were on level 2 of the Dungeon.
You visited 1 branch of the dungeon, and saw 2 of its levels.

You collected 39 gold pieces.

Inventory:

Hand Weapons
 a - a +0 hand axe (weapon)
Armour
 d - a +0 scale mail (worn)
Scrolls
 b - a scroll of vulnerability {unknown}
 c - a scroll of holy word {unknown}
 f - a scroll of fear {unknown}
 g - a scroll of teleportation {unknown}
 h - a scroll of identify {unknown}
Potions
 e - a potion of haste {unknown}
 i - a potion of heal wounds {unknown}


   Skills:
 + Level 4.1 Fighting
 + Level 4.7 Axes
 * Level 1.1 Armour
 - Level 2.4 Dodging
 - Level 1.5 Stealth


You had 2 spell levels left.
You didn't know any spells.
Your spell library was empty.

Dungeon Overview and Level Annotations

Branches:
Dungeon (2/15)

Altars:

Annotations:
D:2 Sigmund


Message History

Sigmund is nearby!
Sigmund barely misses you. Sigmund hits you but does no damage.
Okay, then.
You slash Sigmund!
Sigmund is moderately wounded.
You barely miss Sigmund.
Sigmund is moderately wounded.
Sigmund barely misses you.
You hit Sigmund.
Sigmund is moderately wounded.
Sigmund gestures at you while chanting.
You are confused.
You closely miss Sigmund.
Sigmund is moderately wounded.
Sigmund closely misses you.
You are too confused!
You are too confused!
You're too confused to move!
Sigmund hits you from afar with a +0 scythe.
Sigmund points at you and mumbles some strange words.
The magic dart hits you. Sigmund hits you with a +0 scythe!
You feel less confused. Sigmund hits you with a +0 scythe.
* * * LOW HITPOINT WARNING * * *
You closely miss Sigmund.
Sigmund is moderately wounded.
Sigmund casts a spell at you. You resist with significant effort.
You hit Sigmund.
Sigmund is moderately wounded.
Sigmund completely misses you.
You hit Sigmund.
Sigmund is heavily wounded.
You hit Sigmund.
Sigmund is severely wounded.
Sigmund gestures at you while chanting. The magic dart hits you!
You die...

#.# #.# #. ... #.# #.
#.####.# #. #.#..#.#
#. #.##.#.# #.
#.##.#.# #.#######
##....#.######.......#
.............#.......#
........####.#..@@...#
>.......#.##.#.......#
..........##.?.......#
.....#.#####.....#####
.....#.# #.....#
.....#.# #.....#
.....#.#####†....#
.....#...........#
######.†....#


You could see Sigmund.

Vanquished Creatures
  3 bats
  5 endoplasms (D:1)
  3 giant cockroaches (D:1)
  A hobgoblin (D:1)
  2 quokkas
  A ball python (D:1)
  2 frilled lizards (D:1)
  A goblin (D:1)
  2 kobolds (D:1)
  2 rats (D:1)
22 creatures vanquished.

Notes
Turn   | Place    | Note
-------+----------+-------------------------------------------
     0 | D:1      | Exodus22XD the Hill Orc Monk began the quest for the Orb.
     0 | D:1      | Reached XP level 1. HP: 19/19 MP: 1/1
   240 | D:1      | Reached XP level 2. HP: 23/27 MP: 2/2
   457 | D:1      | Reached skill level 1 in Armour
   920 | D:2      | Reached XP level 3. HP: 31/33 MP: 3/3
   936 | D:2      | Noticed Sigmund
   954 | D:2      | Killed from afar by Sigmund

Illustrated notes

Levels and vault maps discovered:
D:1:      minmay_arrival_split_and_join, layout_rooms
D:2:      layout_basic, uniq_sigmund, uniq_robin, uniq_jessica

Skill      XL: |  1  2 |
---------------+-------+-----
Fighting       | 4 |  4.1
Armour         | 1 |  1.1
Axes           | |  4.7
Dodging        | |  2.4
Stealth        | |  1.5

Action                   || total
-------------------------++-------
Melee: Hand axe          ||    77
 Stab: Sleeping          ||     2
Armor: Scale mail        ||    41
Dodge: Dodged            ||    37
